 Dungeon Crawl Stone Soup version 0.20.1-1-g8b1a95d (webtiles) character file.

37 ChromeMolly the Charmwright (level 3, 0/24 HPs)
             Began as an Octopode Skald on Dec 29, 2017.
             Slain by Natasha (9 damage)
             ... on level 2 of the Dungeon.
             The game lasted 00:11:55 (1440 turns).

ChromeMolly the Charmwright (Octopode Skald)        Turns: 1440, Time: 00:11:55

Health: 0/24       AC:  1    Str: 10    XL:     3   Next: 39%
Magic:  6/6        EV: 14    Int: 15    God:
Gold:   32         SH:  0    Dex: 12    Spells: 1/6 levels left

rFire    . . .     SeeInvis .   e - +0 dagger
rCold    . . .     Gourm    .   (no shield)
rNeg     . . .     Faith    .   (helmet restricted)
rPois    .         Spirit   .   (no amulet)
rElec    .         Reflect  .   (no ring)
rCorr    .         Harm     .   (no ring)
MR       .....                  (no ring)
Stlth    +++.......             (no ring)
Regen    0.1/turn               (no ring)
MPRegen  0.1/turn               (no ring)
                                (no ring)
                                (no ring)

@: no status effects
A: almost no armour, stealthy swim, amphibious, 8 rings, constrict 8, camouflage
1, gelatinous body 1
a: no special abilities


You were on level 2 of the Dungeon.
You were not hungry.

You visited 1 branch of the dungeon, and saw 2 of its levels.

You collected 32 gold pieces.

Inventory:

Hand Weapons
 c - a +0 short sword of venom
 e - a +0 dagger (weapon)
Missiles
 g - 67 stones (quivered)
 j - 14 javelins
Scrolls
 i - a scroll of remove curse {unknown}
Potions
 a - a potion of berserk rage
 d - a potion of might
 h - a potion of heal wounds
 k - a potion of curing {unknown}
Books
 b - a book of Battle

   Spells                             Type                      Level
   a - Infusion                       Charms                       1
   b - Shroud of Golubria             Charms/Translocation         2
   c - Song of Slaying                Charms                       2
   d - Spectral Weapon                Hexes/Charms                 3
   e - Regeneration                   Charms/Necromancy            3
Comestibles
 f - 2 chunks of flesh


   Skills:
 + Level 2.0 Fighting
 * Level 2.3 Short Blades
 + Level 0.6 Throwing
 + Level 2.9 Dodging
 * Level 1.1 Stealth
 + Level 2.2 Spellcasting
 + Level 3.2 Charms


You had one spell level left.
You knew the following spells:

 Your Spells              Type           Power        Failure   Level  Hunger
a - Infusion              Chrm           ##..         6%          1    #......
b - Song of Slaying       Chrm           ##......     9%          2    ###....
c - Shroud of Golubria    Chrm/Tloc      #.........   17%         2    ###....


Dungeon Overview and Level Annotations

Branches:
Dungeon (2/15)

Altars:
Uskayaw

Annotations:
D:2 Natasha


Innate Abilities, Weirdness & Mutations

You cannot wear most types of armour.
You are very stealthy in the water. (Stealth+)
You are amphibious.
You can wear up to eight rings at the same time.
You can use your tentacles to constrict eight enemies at once.
Your skin changes colour to match your surroundings (Stealth+).
Your rubbery body absorbs attacks. (AC +1, EV +1)


Message History

You constrict Natasha, but do no damage.
The bat closely misses you. The bat hits you. The bat barely misses you.
Natasha claws you!
You hit the bat but do no damage. You grab the bat.
The bat is severely wounded.
You constrict Natasha. You constrict the bat.
You kill the bat!
Natasha claws you!
You hit Natasha but do no damage.
Natasha is severely wounded.
You constrict Natasha, but do no damage.
Natasha completely misses you.
You hit Natasha.
Natasha is severely wounded.
You constrict Natasha.
Natasha mumbles some strange words.
You hit Natasha.
Natasha is almost dead.
You constrict Natasha. Natasha claws you!
You die...

#........#.##.##
#.. ....
#..............####
#.......##.##.....#
#.......##.##.###.#
#####.........# #
##........##
.........$#
...........##
.........@..#
......h.#....#
...............
....5......#.#.
...>....w..#...
........##.. .#
......... ##.
..)_....# ..


You could see a worm, Natasha and a shadow imp.

Vanquished Creatures
  An ooze (D:1)
  2 leopard geckos (D:1)
  2 giant cockroaches
  4 goblins (D:1)
  2 hobgoblins (D:1)
  5 kobolds (D:1)
  2 ball pythons
  7 bats
  A frilled lizard (D:1)
  3 rats (D:1)
29 creatures vanquished.

Notes
Turn   | Place    | Note
-------+----------+-------------------------------------------
     0 | D:1      | ChromeMolly the Octopode Skald began the quest for the Orb.
     0 | D:1      | Reached XP level 1. HP: 14/14 MP: 3/3
    54 | D:1      | Reached XP level 2. HP: 1/19 MP: 5/5
   706 | D:1      | Reached skill level 1 in Stealth
   817 | D:1      | Reached XP level 3. HP: 24/24 MP: 6/6
  1314 | D:1      | Learned a level 2 spell: Song of Slaying
  1317 | D:1      | Learned a level 2 spell: Shroud of Golubria
  1428 | D:2      | Noticed Natasha
  1434 | D:2      | Found a hide-covered altar of Uskayaw.
  1440 | D:2      | Slain by Natasha

Skill      XL: |  1  2 |
---------------+-------+-----
Stealth        | 1 |  1.1
Fighting       | |  2.0
Short Blades   | |  2.3
Throwing       | |  0.6
Dodging        | |  2.9
Spellcasting   | |  2.2
Charms         | |  3.2

Action                   || total
-------------------------++-------
Melee: Dagger            ||    52
       Short sword       ||     4
       Constrict         ||    13
       Tentacles         ||     7
Throw: Stone             ||    32
  Use: Scroll            ||     4
 Stab: Sleeping          ||     8
  Eat: Bread ration      ||     1
Armor: Skin              ||     5
Dodge: Dodged            ||    42
